 Dungeon Crawl Stone Soup version 0.27.1-3-gb3d3a73c9e (webtiles) character file.

Game seed: 9988287877402043478

65 styxcanada the Sneak (level 3, -3/18 HPs)
             Began as a Spriggan Brigand on Oct 15, 2021.
             Slain by Terence (6 damage)
             ... on level 2 of the Dungeon.
             The game lasted 00:05:06 (1729 turns).

styxcanada the Sneak (Spriggan Brigand)             Turns: 1729, Time: 00:05:07

Health: -3/18      AC:  3    Str:  7    XL:     3   Next: 94%
Magic:  4/4        EV: 17    Int: 12    God:
Gold:   22         SH:  0    Dex: 23    Spells: 2/2 levels left

rFire    . . .     SeeInvis +   l - +1 short sword (drain)
rCold    . . .     Faith    .   (shield restricted)
rNeg     . . .     Spirit   .   b - +0 robe
rPois    .         Reflect  .   (helmet restricted)
rElec    .         Harm     .   c - +0 cloak
rCorr    .         Rampage  .   (gloves unavailable)
Will     .....                  (boots unavailable)
Stlth    ++++......             (no amulet)
HPRegen  0.06/turn              m - +6 ring of dexterity
MPRegen  0.09/turn              (no ring)

@: very quick
A: very small, no large weapons, unfitting armour, see invisible, speed 3
a: no special abilities


You were on level 2 of the Dungeon.
You visited 1 branch of the dungeon, and saw 2 of its levels.

You collected 22 gold pieces.

Inventory:

Hand Weapons
 a - a +2 dagger
 l - a +1 short sword of draining (weapon)
Missiles
 d - 5 poisoned darts
 e - 2 curare-tipped darts
 f - a throwing net
 j - 44 stones (quivered)
Armour
 b - a +0 robe (worn)
 c - a +0 cloak (worn)
Jewellery
 m - a +6 ring of dexterity (left hand)
Potions
 g - a potion of lignification {unknown}
 h - a potion of haste {unknown}
 k - a potion of flight {unknown}


   Skills:
 * Level 1.7 Fighting
 + Level 2.4 Short Blades
 + Level 2.1 Throwing
 * Level 2.1 Dodging
 * Level 7.8 Stealth


You had 2 spell levels left.
You didn't know any spells.
Your spell library was empty.

Dungeon Overview and Level Annotations

Branches:
Dungeon (2/15)

Altars:

Annotations:
D:2 Terence


Innate Abilities, Weirdness & Mutations

You are very small and have problems with some larger weapons.
You are too small for most types of armour.
You have supernaturally acute eyesight. (SInv)
You cover ground extremely quickly. (Speed+++)


Message History

f - a throwing net
Found a scroll labelled XUEMET GE SOVI.
d - 4 poisoned darts (gained 1)
d - 5 poisoned darts (gained 1)
You see here a scroll labelled XUEMET GE SOVI.
Found a stone staircase leading up.
You closely miss the goblin.
The goblin shouts!
The goblin hits you with a +0 club.
You hit the goblin. You drain the goblin.
You kill the goblin!
You see here a +0 club.
n - a scroll labelled XUEMET GE SOVI
As you read the scroll labelled YKHLEO AJOEGG, it crumbles to dust.
It is a scroll of amnesia.
You feel forgetful for a moment.
As you read the scroll labelled XUEMET GE SOVI, it crumbles to dust.
You assume a fearsome visage.
Nothing appears to happen.
It was a scroll of fear.
You start resting.
HP restored.
Found a stone staircase leading down.
A kobold comes into view. It is wielding a +3 short sword.
The kobold shouts!
You hear a shout!
Terence the Incautious comes into view.
He is wielding a +0 trident.
Found a stone staircase leading up.
Found 17 poisoned darts.
Terence says, "How do you enjoy it?"
You hit the kobold.
The kobold is heavily wounded.
The kobold hits you with a +3 short sword.
You closely miss the kobold.
The kobold is heavily wounded.
The kobold hits you with a +3 short sword.
Terence hits you from afar with a +0 trident!
Ouch! That really hurt!
* * * LOW HITPOINT WARNING * * *
Terence says, "Rest in peace."
Terence hits you from afar with a +0 trident.
You die...

.# #. ...<# ####.#####
#.... #........#
##..#.#### #.......<#
#..#.....# (.......#
##.#....... .....@.#
##..........
#...###...)........
#.K@.....#.........#
#....##.##.........#
#...#..##.##.........#
#.###.....#.........##
#. #..###...........#
# ....................
###...##.#.........#
.>.#..#.#.......... ..
#.#.........#


You could see Terence and a kobold.

Vanquished Creatures
  3 gnolls (D:2)
  A dart slug (D:2)
  A ball python (D:1)
  An endoplasm (D:1)
  2 giant cockroaches (D:1)
  2 goblins
  3 hobgoblins
  7 jackals (D:2)
  3 quokkas (D:1)
  2 frilled lizards
  2 kobolds (D:1)
  4 rats
31 creatures vanquished.

Vanquished Creatures (others)
  2 fungi (D:2)
  4 plants (D:2)
6 creatures vanquished.

Grand Total: 37 creatures vanquished

Notes
Turn   | Place    | Note
-------+----------+-------------------------------------------
     0 | D:1      | styxcanada the Spriggan Brigand began the quest for the
                  | Orb.
     0 | D:1      | Reached XP level 1. HP: 10/10 MP: 2/2
    19 | D:1      | Reached skill level 6 in Stealth
   462 | D:1      | Reached XP level 2. HP: 14/14 MP: 3/3
  1386 | D:2      | Reached skill level 7 in Stealth
  1410 | D:2      | Reached XP level 3. HP: 15/18 MP: 4/4
  1724 | D:2      | Noticed Terence
  1729 | D:2      | Slain by Terence

Illustrated notes

Levels and vault maps discovered:
D:1:      tarquinn_simple_flora_water_f, layout_basic, due_unseen_surprise
D:2:      layout_rooms, shapermc_ecumenical_altar_mp_ritualfount, basic_altar,
          uniq_natasha, uniq_terence

Skill      XL: |  1  2  3 |
---------------+----------+-----
Stealth        | 6 7 |  7.8
Dodging        | 2 |  2.1
Fighting       | |  1.7
Short Blades   | |  2.4
Throwing       | |  2.1

Action                   || total
-------------------------++-------
Melee: Dagger            ||    56
       Short sword       ||    42
Throw: Dart              ||    17
       Stone             ||     2
  Use: Scroll            ||     2
       Potion            ||     1
 Stab: Sleeping          ||     6
Armor: Robe              ||     8
Dodge: Dodged            ||    66
